Map: Vallée des cactus EC

Players

AgCl

  • Race: Protoss Protoss
  • League: Grandmaster

神之手 - Winner!

  • Race: Protoss Protoss
  • League: Grandmaster

VOD

Have the link to the VOD?

Description

Time

  • Played on: July 2, 2015, 5:40 p.m.
  • Length: 6:16
Show
View Real Time Build Order
Export as new Build Order

AgCl Protoss 

Build Orders: Nexus First 

Get SALT Encoding   

  12  0:06  Probe  
  13  0:19  Probe  
  14  0:33  Pylon  
  14  0:57  Probe (Chrono Boost)  
  14  0:59  Nexus  
  15  1:09  Probe (Chrono Boost)  
  16  1:17  Probe (Chrono Boost)  
  17  1:23  Gateway  
  17  1:26  Probe (Chrono Boost)  
  18  1:38  Probe (Chrono Boost)  
  18  1:39  Pylon  
  19  1:46  Probe (Chrono Boost)  
  20  1:52  Assimilator  
  20  1:55  Probe, Assimilator  
  22  2:09  Probe (Chrono Boost)  
  22  2:11  Cybernetics Core  
  22  2:17  Probe (Chrono Boost)  
  22  2:18  Assimilator  
  24  2:23  Probe (Chrono Boost)  
  24  2:28  Probe (Chrono Boost)  
  26  2:31  Probe (Chrono Boost)  
  26  2:35  Probe (Chrono Boost)  
  27  2:42  Probe (Chrono Boost)  
  28  2:46  Probe (Chrono Boost)  
  30  2:53  Probe (Chrono Boost)  
  30  2:54  Probe (Chrono Boost)  
  31  2:58  Stargate  
  31  3:03  Probe (Chrono Boost)  
  31  3:04  Probe (Chrono Boost)  
  32  3:15  Mothership Core (Chrono Boost)  
  35  3:22  Robotics Facility  
  35  3:23  Probe (Chrono Boost)  
  35  3:25  Pylon  
  35  3:29  Probe  
  35  3:34  Probe  
  37  3:41  Probe  
  37  3:43  Void Ray (Chrono Boost)  
  42  3:50  Probe  
  44  4:02  Gateway  
  44  4:04  Pylon  
  44  4:09  Immortal (Chrono Boost)  
  43  4:12  Pylon  
  48  4:19  Void Ray (Chrono Boost)  
  51  4:34  Cybernetics Core  
  50  4:45  Immortal  
  50  4:54  Void Ray (Chrono Boost)  
  50  4:59  Gateway  
  54  5:00  Pylon  
  54  5:01  Assimilator  
  54  5:02  Probe  
  45  5:29  Immortal (Chrono Boost)  
  45  5:30  Void Ray (Chrono Boost)  
  53  5:45  Adept  
  55  5:50  Robotics Facility  
  55  5:56  Pylon  
  55  5:58  Gateway  
Show
View Real Time Build Order
Export as new Build Order

神之手 Protoss - Winner!

Build Orders: Blink Stalkers 

Get SALT Encoding   

  12  0:00  Probe  
  13  0:13  Pylon  
  13  0:18  Probe  
  14  0:31  Probe (Chrono Boost)  
  14  0:35  Gateway  
  16  0:43  Probe (Chrono Boost)  
  16  0:47  Assimilator  
  16  0:50  Probe (Chrono Boost)  
  17  0:59  Assimilator  
  17  1:01  Probe (Chrono Boost)  
  19  1:12  Probe (Chrono Boost)  
  19  1:13  Pylon  
  19  1:18  Probe (Chrono Boost)  
  20  1:26  Cybernetics Core  
  20  1:50  Probe  
  21  2:02  Probe, Warp Gate (Chrono Boost)  
  21  2:08  Twilight Council  
  22  2:10  Pylon  
  22  2:16  Probe  
  23  2:24  Gateway  
  23  2:26  Gateway  
  23  2:39  Stalker (Chrono Boost)  
  25  2:49  Blink (Chrono Boost)  
  25  2:58  Gateway  
  25  3:18  Robotics Facility  
  25  3:32  Pylon  
  25  3:53  Stalker x3  
  31  4:01  Stalker  
  33  4:03  Pylon  
  34  4:10  Observer  
  34  4:18  Stalker x2  
  34  4:23  Pylon  
  38  4:31  Stalker  
  40  4:54  Stalker x3  
  44  5:26  Stalker x3  
  50  5:45  Stalker  
  52  5:51  Pylon  
  52  5:54  Stalker x2  
  56  5:58  Stalker  
Tags
 
Add a new tag
Caveats
  • Supply blocks, unpowered buildings, or Contaminate may cause inaccurate times.
  • Supply counts are checked every 10 seconds.